 Dungeon Crawl Stone Soup version 0.28.0-1-gb440e238dd (webtiles) character file.

Game seed: 15981002389649556614

2 combatraven the Stinger (level 1, 0/13 HPs)
             Began as a Merfolk Venom Mage on Feb 26, 2022.
             Slain by a hobgoblin (2 damage)
             ... on level 1 of the Dungeon.
             The game lasted 00:03:15 (70 turns).

combatraven the Stinger (Merfolk Venom Mage)          Turns: 70, Time: 00:03:16

Health: 0/13       AC:  2    Str:  8    XL:     1   Next: 30%
Magic:  3/3        EV: 12    Int: 14    God:
Gold:   0          SH:  0    Dex: 14    Spells: 3/4 levels left

rFire   . . .      SeeInvis .   b - +0 dagger
rCold   . . .      Faith    .   (no shield)
rNeg    . . .      Spirit   .   a - +0 robe
rPois   .          Reflect  .   (no helmet)
rElec   .          Harm     .   (no cloak)
rCorr   .          Rampage  .   (no gloves)
Will    .....                   (no boots)
Stlth   ++........              (no amulet)
HPRegen 0.04/turn               (no ring)
MPRegen 0.08/turn               (no ring)

@: no status effects
A: (nimble swimmer 2), mertail
a: no special abilities


You were on level 1 of the Dungeon.
You visited 1 branch of the dungeon, and saw 1 of its levels.

Inventory:

Hand Weapons
 b - a +0 dagger (weapon)
Missiles
 c - 20 stones
Armour
 a - a +0 robe (worn)
Scrolls
 d - a scroll of identify {unknown}


   Skills:
 + Level 2.8 Dodging
 + Level 2.1 Stealth
 + Level 2.0 Spellcasting
 + Level 1.3 Transmutations
 + Level 3.4 Poison Magic


You had 3 spell levels left.
You knew the following spells:

 Your Spells              Type           Power      Damage    Failure   Level
a - Sting                 Tmut/Pois      32%        1d4       9%          1

Your spell library contained the following spells:

 Spells                   Type           Power      Damage    Failure   Level
 Poisonous Vapours        Pois/Air       12%        N/A       19%         2
 Mephitic Cloud           Conj/Pois/Air  4%         N/A       41%         3
 Olgreb's Toxic Radiance  Pois           10%        N/A       52%         4


Dungeon Overview and Level Annotations

Branches:
Dungeon (1/15)

Altars:


Innate Abilities, Weirdness & Mutations

((You are very nimble when in or above water. (Stealth+, EV+, Speed+++)))
Your lower body shifts to a powerful aquatic tail in water.


Message History

You barely miss the goblin. The goblin barely misses you.
You hit the ball python.
The ball python is moderately wounded.
The ball python barely misses you. The ball python closely misses you.
The goblin completely misses you. The goblin misses you.
The ball python closely misses you. The ball python grabs you.
The ball python constricts you.
You hit the ball python.
You kill the ball python!
The goblin hits you with a +0 dagger.
You hit the goblin.
The goblin is moderately wounded.
The goblin barely misses you.
You hit the goblin.
The goblin is heavily wounded.
The goblin closely misses you.
You hit the goblin.
You kill the goblin!
You see here a +0 dagger.
b - a +0 dagger You see here a ball python corpse.
Found 20 stones.
Found a stone staircase leading down.
You see here 20 stones.
c - 20 stones
Found a scroll labelled AQU LASTIRYGO.
A dart slug comes into view.
A hobgoblin comes into view.
Found a scroll labelled AQU LASTIRYGO.
The hobgoblin shouts!
b - a +0 dagger (weapon)
Found a faded altar of an unknown god.
You see here a scroll labelled AQU LASTIRYGO.
d - a scroll labelled AQU LASTIRYGO You barely miss the hobgoblin.
The hobgoblin closely misses you.
You hit the hobgoblin but do no damage. The hobgoblin hits you.
* * * LOW HITPOINT WARNING * * *
You hit the hobgoblin.
The hobgoblin is moderately wounded.
The hobgoblin hits you.
You die...

.# . . ####. ...####
######## .....
....>. #
###..######..#
..#8#8#8#..#.......#
#...._.@g..#.####.##
###8#8#8#..#.# #.#
#####..#.####.######
#...........†......
#......#####.######
#............#
#......####..#
##..#### #..# #..#
#..#


You could see a hobgoblin.

Vanquished Creatures
  A goblin (D:1)
  A ball python (D:1)
2 creatures vanquished.

Notes
Turn   | Place    | Note
-------+----------+-------------------------------------------
     0 | D:1      | combatraven the Merfolk Venom Mage began the quest for the
                  | Orb.
     0 | D:1      | Reached XP level 1. HP: 13/13 MP: 3/3
    62 | D:1      | Found a faded altar of an unknown god.
    70 | D:1      | Slain by a hobgoblin

Illustrated notes

Levels and vault maps discovered:
D:1:      dpeg_arrival_tiny_c, layout_basic, ebering_ecumenical_altar_hall,
          kennysheep_flooded_box

Action                   || total
-------------------------++-------
Melee: Unarmed           ||    10
       Dagger            ||     3
  Use: Potion            ||     1
Dodge: Dodged            ||    11
